[Event "Titled Tuesday Blitz August 09 Early 2022"]
[White "Goldin, Roman"]
[Black "Daeschler, Florian"]
[WhiteFideId "2803860"]
[BlackFideId "20678193"]
[WhiteElo "2312"]
[BlackElo "2187"]
[Result "1/2-1/2"]
[Round "11"]
[TimeControl "180+1"]
[Date "2022.08.09"]
[WhiteClock "0:00:04"]
[BlackClock "0:00:16"]

1. Nf3 b6 2. e4 Bb7 3. Nc3 Nf6 4. e5 Nd5 5. Nxd5 Bxd5 6. c4 Bb7 7. d4 d6 8. exd6 cxd6 9. g3 g6 10. Bg2 Bg7 11. O-O O-O 12. Re1 Nd7 13. h4 Rc8 14. b3 Nc5 15. h5 Ne6 16. Bb2 b5 17. hxg6 hxg6 18. Rc1 bxc4 19. bxc4 Qa5 20. Qd3 Qxa2 21. Rc2 Qa5 22. Bc3 Qh5 23. d5 Nc5 24. Qe3 Bxc3 25. Qxc3 Rc7 26. Rce2 Re8 27. Nd4 Qh8 28. Qe3 Nd7 29. Nc6 Bxc6 30. dxc6 Ne5 31. c5 a5 32. cxd6 exd6 33. Qb6 Rce7 34. f4 Nxc6 35. Qxc6 Rxe2 36. Qxe8+ Rxe8 37. Rxe8+ Kg7 38. Rxh8 Kxh8 39. Bc6 Kg7 40. Kf2 Kf6 41. Kf3 g5 42. g4 gxf4 43. Kxf4 Kg6 44. Bd5 f6 45. Kg3 Kg5 46. Kf3 a4 47. Kg3 a3 48. Kf3 f5 49. gxf5 Kxf5 50. Ke3 Ke5 51. Ba2 d5 52. Kd3 Kd6 53. Bxd5 Kxd5 54. Kc3 Kc5 55. Kb3 a2 56. Kxa2 1/2-1/2


[Site "https://www.chess.com"]

[Event "Titled Tuesday Blitz August 09 Early 2022"]
[White "Gombocz, Ferenc Jr."]
[Black "Sarkar, Justin"]
[WhiteFideId "775029"]
[BlackFideId "2010011"]
[WhiteElo "1913"]
[BlackElo "2076"]
[Result "1-0"]
[Round "11"]
[TimeControl "180+1"]
[Date "2022.08.09"]
[WhiteClock "0:01:39"]
[BlackClock "0:00:00"]

1. c4 d6 2. g3 g6 3. Bg2 Bg7 4. Nc3 c5 5. e4 Nc6 6. Nge2 h5 7. h4 Bg4 8. f3 Bd7 9. d3 a6 10. Be3 b5 11. cxb5 axb5 12. Nxb5 Bxb2 13. Rb1 Rxa2 14. Qb3 Be6 15. Qc2 Qa5+ 16. Nec3 Bxc3+ 17. Qxc3 Qxc3+ 18. Nxc3 Rxg2 19. Bf2 Nf6 20. Kf1 Rxf2+ 21. Kxf2 O-O 22. Rb7 Nd7 23. Nd5 Nde5 24. Ke3 Bxd5 25. exd5 Nd4 26. f4 Ng4+ 27. Kd2 Re8 28. Rhb1 Nf6 29. Rb8 Rxb8 30. Rxb8+ Kg7 31. Rb7 Nxd5 32. Ra7 Kf6 33. Ke1 Nf5 34. Kf2 Nb4 35. Ra3 Nc2 36. Rb3 Ncd4 37. Rb7 e6 38. Ra7 d5 39. Rxf7+ 1-0


[Site "https://www.chess.com"]

[Event "Titled Tuesday Blitz August 09 Early 2022"]
[White "Grot, Blazej"]
[Black "Malyi, Viacheslav"]
[WhiteFideId "21835845"]
[BlackFideId "14123983"]
[WhiteElo "1614"]
[BlackElo "2190"]
[Result "0-1"]
[Round "11"]
[TimeControl "180+1"]
[Date "2022.08.09"]
[WhiteClock "0:00:14"]
[BlackClock "0:00:53"]

1. e4 e5 2. Nf3 Nc6 3. Bb5 a6 4. Ba4 Nf6 5. O-O b5 6. Bb3 Bc5 7. c3 d6 8. a4 Rb8 9. d4 Bb6 10. Re1 O-O 11. Qd3 Bd7 12. Bc2 Re8 13. d5 Ne7 14. axb5 axb5 15. Na3 Ng6 16. h3 Nh5 17. Be3 Ngf4 18. Qf1 Qf6 19. Bd1 h6 20. g4 Qg6 21. Kh2 Nf6 22. Bxf4 exf4 23. Nh4 Qg5 24. Nf3 Qg6 25. Nh4 Qh7 26. f3 g5 27. Ng2 h5 28. Nxf4 gxf4 29. g5 Qg6 30. gxf6 Qg3+ 31. Kh1 Bxh3 32. Qe2 Bf2 33. Qxf2 Qxf2 34. Rg1+ Kh8 35. Nc2 Ra8 36. Rxa8 Rxa8 37. Nd4 Rg8 38. Rxg8+ Kxg8 39. Be2 0-1


[Site "https://www.chess.com"]

[Event "Titled Tuesday Blitz August 09 Early 2022"]
[White "Gubanov, Oleg"]
[Black "Najdin, Danil"]
[WhiteFideId "14115115"]
[BlackFideId "4172426"]
[WhiteElo "2080"]
[BlackElo "2240"]
[Result "1-0"]
[Round "11"]
[TimeControl "180+1"]
[Date "2022.08.09"]
[WhiteClock "0:00:35"]
[BlackClock "0:00:45"]

1. e4 Nf6 2. e5 Nd5 3. d4 d6 4. Nf3 Bg4 5. Be2 e6 6. h3 Bxf3 7. Bxf3 Nc6 8. exd6 Bxd6 9. O-O Qh4 10. c4 Nf4 11. Be3 O-O-O 12. Re1 g5 13. Nd2 f5 14. c5 Be7 15. Bxc6 bxc6 16. Qa4 Kd7 17. Nc4 Ng6 18. Rad1 Qe4 19. Bxg5 Qd5 20. Ne5+ Kc8 21. Bxe7 Rdg8 22. Qa6+ Kb8 23. Nxc6+ Qxc6 24. Qxc6 Nxe7 25. Qxe6 1-0


[Site "https://www.chess.com"]

[Event "Titled Tuesday Blitz August 09 Early 2022"]
[White "Gurevich, Dmitry"]
[Black "Zou, Chen"]
[WhiteFideId "2000407"]
[BlackFideId "8610959"]
[WhiteElo "2506"]
[BlackElo "2276"]
[Result "1/2-1/2"]
[Round "11"]
[TimeControl "180+1"]
[Date "2022.08.09"]
[WhiteClock "0:00:51"]
[BlackClock "0:00:37"]

1. d4 Nf6 2. c4 e6 3. Nf3 d5 4. Nc3 Be7 5. g3 O-O 6. Bg2 dxc4 7. Ne5 c5 8. dxc5 Qxd1+ 9. Nxd1 Bxc5 10. Nxc4 Nc6 11. Bxc6 bxc6 12. Be3 Bb4+ 13. Bd2 Be7 14. Rc1 c5 15. O-O Ba6 16. b3 Rfc8 17. Ndb2 Kf8 18. f3 Nd5 19. Nd3 Nb6 20. Nde5 Ke8 21. Ba5 f6 22. Bxb6 axb6 23. Nd3 Rcb8 24. a4 b5 25. axb5 Rxb5 26. Rc3 Bb7 27. Rfc1 Kf8 28. Kf1 Bd5 29. Nd2 Rab8 30. Nxc5 Bxc5 31. Rxc5 Rxc5 32. Rxc5 Bxb3 33. Nxb3 Rxb3 34. Rc7 Rb2 35. Kf2 Ra2 36. h4 h5 37. Rb7 e5 38. Rc7 Rb2 39. Ra7 Rc2 40. Rb7 Ra2 41. Rc7 Rb2 42. Ke3 Rb4 43. Kd3 Rd4+ 44. Ke3 Ra4 45. Kd3 Rd4+ 46. Ke3 Ra4 47. Kd3 Rd4+ 1/2-1/2


[Site "https://www.chess.com"]

[Event "Titled Tuesday Blitz August 09 Early 2022"]
[White "Hambleton, Aman"]
[Black "Le, Tuan Minh"]
[WhiteFideId "2606577"]
[BlackFideId "12401153"]
[WhiteElo "2538"]
[BlackElo "2530"]
[Result "0-1"]
[Round "11"]
[TimeControl "180+1"]
[Date "2022.08.09"]
[WhiteClock "0:00:01"]
[BlackClock "0:00:09"]

1. d4 Nf6 2. c4 c6 3. Nc3 d5 4. e3 a6 5. Nf3 Bf5 6. Bd3 Bg6 7. O-O e6 8. Bxg6 hxg6 9. Qe2 Nbd7 10. e4 dxe4 11. Nxe4 Nxe4 12. Qxe4 Bd6 13. h3 O-O 14. Rd1 Re8 15. Bg5 Qa5 16. Bd2 Qc7 17. Bc3 Rad8 18. Re1 a5 19. a4 Bb4 20. Bxb4 axb4 21. b3 c5 22. Rad1 cxd4 23. Qxd4 Nc5 24. Qe3 b6 25. Nd4 Qd6 26. Qe2 Qf4 27. Qe3 Qxe3 28. fxe3 e5 29. Nc6 Rc8 30. Nxb4 Nxb3 31. Nd5 Rxc4 32. Nxb6 Rc2 33. Rb1 Nd2 34. Rbc1 Ra2 35. Ra1 Rb2 36. Nd5 Rd8 37. Nc3 Rc8 38. Nb5 f5 39. Rec1 Rd8 40. Rd1 f4 41. exf4 exf4 42. a5 Rxb5 43. a6 Rbb8 44. a7 Ra8 45. Kf2 Ne4+ 46. Ke1 Rxd1+ 47. Kxd1 Nc3+ 48. Ke1 Nb5 49. Ra5 Nd6 50. Kf2 Nc8 51. Rc5 Kf7 52. Kf3 Ke6 53. Kxf4 Nxa7 54. Ra5 Rf8+ 55. Kg5 Nc6 56. Ra6 Kd5 57. Kxg6 Rf2 58. g4 Rh2 59. Ra3 Ne5+ 60. Kxg7 Ke4 61. Kf6 Rf2+ 62. Kg5 Nf3+ 63. Kh5 Kf4 64. g5 Nxg5 65. Ra4+ Ne4 66. h4 Rg2 67. Ra8 Nd6 68. Rf8+ Nf5 0-1


[Site "https://www.chess.com"]

[Event "Titled Tuesday Blitz August 09 Early 2022"]
[White "Harsh Suresh"]
[Black "Mathieu, Phileas"]
[WhiteFideId "45018464"]
[BlackFideId "36048410"]
[WhiteElo "2070"]
[BlackElo "2138"]
[Result "1-0"]
[Round "11"]
[TimeControl "180+1"]
[Date "2022.08.09"]
[WhiteClock "0:00:19"]
[BlackClock "0:00:04"]

1. d4 Nf6 2. Nf3 e6 3. Bf4 c5 4. c3 Nc6 5. e3 d5 6. Nbd2 Be7 7. Bd3 Nh5 8. Be5 f6 9. Bg3 Nxg3 10. hxg3 g6 11. Bxg6+ Kd7 12. Bd3 Qg8 13. dxc5 Bxc5 14. e4 Kc7 15. Nb3 Bb6 16. Qe2 Bd7 17. O-O-O Re8 18. Qd2 e5 19. exd5 Qxd5 20. c4 Qd6 21. c5 Bxc5 22. Qc2 Bd4 23. Bxh7 Kb8 24. Kb1 Nb4 25. Qg6 Rc8 26. Nfxd4 exd4 27. Rxd4 Qe7 28. g4 Rhd8 29. Qe4 Qxe4+ 30. Bxe4 Nc6 31. Bxc6 Bxc6 32. f3 Re8 33. Rhd1 Re2 34. R4d2 Rce8 35. Nd4 Rxd2 36. Rxd2 Bd5 37. b3 a6 38. Kb2 Bf7 39. Nf5 Bg6 40. Ng3 Re1 41. Ne2 Rf1 42. Nf4 Bf7 43. Rd6 Rf2+ 44. Ka3 f5 45. gxf5 a5 46. Ka4 Rxa2+ 47. Kb5 Bxb3 48. Kb6 Rc2 49. Rd8+ Rc8 50. Rxc8+ Kxc8 51. Kxa5 Kd7 52. Nd3 Bc4 53. Ne5+ Ke7 54. Nxc4 Kf6 55. g4 Kg5 56. Kb6 Kf4 57. Nd2 1-0


[Site "https://www.chess.com"]

[Event "Titled Tuesday Blitz August 09 Early 2022"]
[White "Hartikainen, Jarmo"]
[Black "Jiganchine, Roman"]
[WhiteFideId "503134"]
[BlackFideId "2603667"]
[WhiteElo "2132"]
[BlackElo "2289"]
[Result "0-1"]
[Round "11"]
[TimeControl "180+1"]
[Date "2022.08.09"]
[WhiteClock "0:00:16"]
[BlackClock "0:00:07"]

1. e4 c6 2. d4 d5 3. Nc3 dxe4 4. Nxe4 Nf6 5. Nxf6+ exf6 6. Bf4 Na6 7. h4 Nc7 8. h5 h6 9. Nf3 Nd5 10. Bd2 Bg4 11. Be2 Bd6 12. c4 Nf4 13. Bxf4 Bxf4 14. g3 Bd6 15. Qb3 O-O 16. Kf1 Re8 17. Re1 Qb6 18. Qxb6 axb6 19. a3 Re4 20. Rh4 Bxf3 21. Bxf3 Rxh4 22. gxh4 Kf8 23. d5 c5 24. Re2 Ra4 25. Rc2 f5 26. Kg2 Be7 27. Kh3 Bd6 28. Bd1 Ra8 29. Re2 Re8 30. Rxe8+ Kxe8 31. Bc2 f4 32. b3 Ke7 33. a4 Kf6 34. Kg4 Ke5 35. Kf3 Kd4 36. Ke2 Kc3 37. Kd1 Be7 38. Kc1 Bxh4 39. f3 Be7 40. Bd1 Kd3 41. Bc2+ Ke3 42. Bd1 Bd6 43. Kc2 g6 44. Kc1 gxh5 45. Kc2 h4 46. Kc1 h3 47. a5 bxa5 48. Kc2 h2 49. Kc1 h1=Q 50. b4 axb4 51. Kc2 Qe1 52. Kc1 Qc3+ 53. Bc2 Qd2+ 54. Kb2 Be5+ 55. Kb1 Qe1+ 56. Ka2 Qa1+ 57. Kb3 Qa3# 0-1


[Site "https://www.chess.com"]

[Event "Titled Tuesday Blitz August 09 Early 2022"]
[White "Hoffmann, Asa"]
[Black "Adewumi, Tanitoluwa"]
[WhiteFideId "2001470"]
[BlackFideId "30966396"]
[WhiteElo "2117"]
[BlackElo "2510"]
[Result "0-1"]
[Round "11"]
[TimeControl "180+1"]
[Date "2022.08.09"]
[WhiteClock "0:00:11"]
[BlackClock "0:00:23"]

1. d4 Nf6 2. Bg5 e6 3. Nd2 d5 4. e3 c5 5. c3 Nc6 6. f4 h6 7. Bh4 Be7 8. Bd3 Nd7 9. Bxe7 Qxe7 10. Ngf3 g5 11. g3 gxf4 12. gxf4 Rg8 13. Qe2 cxd4 14. exd4 Rg4 15. f5 e5 16. dxe5 Ndxe5 17. O-O-O Rf4 18. Nxe5 Nxe5 19. Bb5+ Kf8 20. Rhf1 Rxf5 21. Rde1 Rxf1 22. Qxf1 a6 23. Be2 Qg5 24. h4 Qe3 25. Bc4 Qg3 26. Bxd5 Qxe1+ 27. Qxe1 Nd3+ 28. Kd1 Bg4+ 29. Bf3 Bxf3+ 30. Nxf3 Nxe1 31. Kxe1 Ke7 32. Nd4 Kf6 33. Kf2 Rg8 34. Kf3 Ke5 35. Nb3 b6 36. Nd2 b5 37. c4 f5 38. cxb5 axb5 39. a3 Rg4 40. b3 Rxh4 41. Kg3 Rg4+ 42. Kf3 h5 43. Nf1 h4 44. Ne3 Rg3+ 45. Kf2 Rxe3 46. Kxe3 h3 47. Kf2 f4 48. a4 bxa4 49. bxa4 Kd5 50. Kg1 f3 51. Kh2 f2 0-1


[Site "https://www.chess.com"]

[Event "Titled Tuesday Blitz August 09 Early 2022"]
[White "Hosseinzadeh, Nima"]
[Black "Nurmanova, Alua"]
[WhiteFideId "12505323"]
[BlackFideId "13729390"]
[WhiteElo "2045"]
[BlackElo "1921"]
[Result "1-0"]
[Round "11"]
[TimeControl "180+1"]
[Date "2022.08.09"]
[WhiteClock "0:00:41"]
[BlackClock "0:00:27"]

1. e4 c5 2. Nf3 d5 3. exd5 Nf6 4. c4 e6 5. dxe6 Bxe6 6. d4 cxd4 7. Qxd4 Qa5+ 8. Bd2 Qc7 9. Nc3 Nc6 10. Nb5 Qb8 11. Qh4 Bb4 12. Nc3 O-O 13. Be2 Rd8 14. O-O Bg4 15. Bg5 Bxc3 16. bxc3 Bxf3 17. Bxf3 Ne5 18. Bxf6 Nxf3+ 19. gxf3 gxf6 20. Kh1 Qe5 21. Rg1+ Kh8 22. Rg3 Qxc3 23. Rag1 Rd2 24. Qxh7+ Kxh7 25. Rh3# 1-0


[Site "https://www.chess.com"]

[Event "Titled Tuesday Blitz August 09 Early 2022"]
[White "Hua, Lefong"]
[Black "Belov, Vladimir"]
[WhiteFideId "2602253"]
[BlackFideId "4132394"]
[WhiteElo "2602"]
[BlackElo "2501"]
[Result "0-1"]
[Round "11"]
[TimeControl "180+1"]
[Date "2022.08.09"]
[WhiteClock "0:00:55"]
[BlackClock "0:00:48"]

1. d4 Nf6 2. c4 g6 3. Nc3 d5 4. cxd5 Nxd5 5. e4 Nxc3 6. bxc3 Bg7 7. Nf3 c5 8. Rb1 O-O 9. Be2 Nc6 10. d5 Ne5 11. Nxe5 Bxe5 12. Qd2 e6 13. f4 Bc7 14. O-O exd5 15. exd5 Ba5 16. f5 Bxf5 17. Rxb7 Qd6 18. Bc4 Rae8 19. Qf4 Qxf4 20. Bxf4 Re4 21. Bd3 Rxf4 22. Rxf4 Bxd3 23. d6 c4 24. d7 Rd8 25. Kf2 Kf8 26. Ke3 Bb6+ 27. Kd2 Ke7 28. a4 f5 29. a5 Bxa5 30. Rxa7 Bb6 31. Rb7 Bg1 32. h4 Rxd7 33. Rxd7+ Kxd7 34. g4 Ke6 35. gxf5+ gxf5 36. h5 Ke5 37. Rh4 f4 38. Ke1 Be3 39. h6 f3 40. Rh5+ Kf4 0-1


[Site "https://www.chess.com"]

[Event "Titled Tuesday Blitz August 09 Early 2022"]
[White "Ibarra Jerez, Jose Carlos"]
[Black "Nazari, Arad"]
[WhiteFideId "2226332"]
[BlackFideId "12577324"]
[WhiteElo "2628"]
[BlackElo "2129"]
[Result "1/2-1/2"]
[Round "11"]
[TimeControl "180+1"]
[Date "2022.08.09"]
[WhiteClock "0:00:06"]
[BlackClock "0:00:20"]

1. e4 c5 2. Nc3 d6 3. d4 cxd4 4. Qxd4 e5 5. Qd2 g6 6. b3 Bh6 7. Qd3 Bxc1 8. Rxc1 a6 9. Rd1 Nc6 10. Qxd6 Qxd6 11. Rxd6 Ke7 12. Rd2 Be6 13. Nd5+ Kf8 14. Nc7 Rc8 15. Nxe6+ fxe6 16. Nf3 Nf6 17. Bc4 Nxe4 18. Re2 Nc3 19. Re3 Nxa2 20. Nxe5 Nab4 21. Rf3+ Ke7 22. Nxc6+ Rxc6 23. c3 b5 24. Be2 Nd5 25. c4 bxc4 26. Bxc4 Nb6 27. O-O Nxc4 28. bxc4 Rxc4 29. Ra1 Ra8 30. Rh3 h5 31. Rg3 Kf6 32. Rf3+ Ke7 33. Rg3 Rg4 34. Rb3 a5 35. h3 Rc4 36. Rb6 Re4 37. f3 Re5 38. Ra4 Rc8 39. h4 Rc2 40. Rb7+ Kf6 41. Rf4+ Rf5 42. Re4 Rc6 43. Ra7 g5 44. Kh2 Rc2 45. Kh3 gxh4 46. Ra6 Re5 47. Rxe5 Kxe5 48. Rxa5+ Kf4 49. Rxh5 e5 50. Rxh4+ Kf5 51. Kg3 Ra2 52. Rh5+ Kf6 53. Rh8 Ra4 54. Rh4 Ra3 55. Re4 Kf5 56. Re2 Rb3 57. Rc2 Ra3 58. Rc4 Rb3 59. Rc5 Ra3 60. Rc8 Kf6 61. Rf8+ Kg5 62. Re8 Kf5 63. Rf8+ Kg5 64. Kh3 e4 65. Rg8+ Kf6 66. Rf8+ Kg7 67. Rf4 exf3 68. Rxf3 Ra4 69. g3 Kg6 70. Re3 Kg5 71. Re5+ Kg6 72. Rd5 Rb4 73. g4 Rb1 74. Rd6+ Kg5 75. Rd5+ Kg6 76. Rd2 Ra1 77. Rh2 Kg5 78. Rf2 Ra3+ 79. Kg2 Kxg4 80. Re2 Kf4 81. Rf2+ Ke4 82. Re2+ Re3 83. Rxe3+ Kxe3 1/2-1/2


[Site "https://www.chess.com"]

[Event "Titled Tuesday Blitz August 09 Early 2022"]
[White "Ismayil, Malak"]
[Black "Solon, Nathan"]
[WhiteFideId "13412604"]
[BlackFideId "2017229"]
[WhiteElo "1879"]
[BlackElo "2625"]
[Result "0-1"]
[Round "11"]
[TimeControl "180+1"]
[Date "2022.08.09"]
[WhiteClock "0:01:06"]
[BlackClock "0:01:46"]

1. e4 c6 2. d4 d5 3. Nc3 dxe4 4. Nxe4 Nf6 5. Nxf6+ exf6 6. c3 Bd6 7. Bd3 O-O 8. Ne2 Re8 9. Be3 Nd7 10. Qc2 Nf8 11. O-O-O Be6 12. Kb1 b5 13. Nf4 Bxf4 14. Bxf4 Qd5 15. b3 a5 16. f3 a4 17. b4 g6 18. h4 h5 19. Rhg1 Bf5 20. Bxf5 Qxf5 21. Qxf5 gxf5 22. Rge1 Ne6 23. Bd6 Rad8 24. Bg3 f4 25. Bf2 Nc7 26. Kc2 Nd5 27. Kd3 Kh7 28. Re2 Rxe2 29. Kxe2 Nxc3+ 30. Kd2 Nxd1 31. Kxd1 Rg8 0-1


[Site "https://www.chess.com"]

[Event "Titled Tuesday Blitz August 09 Early 2022"]
[White "Jeet, Jain"]
[Black "Samant Aditya S"]
[WhiteFideId "5073022"]
[BlackFideId "35080580"]
[WhiteElo "2055"]
[BlackElo "1968"]
[Result "1-0"]
[Round "11"]
[TimeControl "180+1"]
[Date "2022.08.09"]
[WhiteClock "0:01:31"]
[BlackClock "0:00:02"]

1. b4 Nf6 2. Bb2 d6 3. e3 e5 4. c4 g6 5. Nf3 Bg7 6. d3 O-O 7. Be2 Re8 8. O-O a5 9. b5 Bf5 10. Nc3 Nbd7 11. h3 h6 12. a4 Nc5 13. d4 exd4 14. exd4 Nce4 15. Bd3 Nxc3 16. Bxc3 Ne4 17. Bb2 c5 18. Re1 h5 19. Qc2 d5 20. cxd5 Qxd5 21. g4 hxg4 22. hxg4 Nxf2 23. Kxf2 Bxg4 24. Be4 Qd7 25. dxc5 Bxb2 26. Qxb2 Bxf3 27. Bxf3 Rad8 28. Rxe8+ Rxe8 29. Rh1 f6 30. Qxf6 Qd2+ 31. Kg3 1-0


[Site "https://www.chess.com"]

[Event "Titled Tuesday Blitz August 09 Early 2022"]
[White "Karttunen, Mika"]
[Black "Aaditya Dhingra"]
[WhiteFideId "502081"]
[BlackFideId "25678191"]
[WhiteElo "2343"]
[BlackElo "1849"]
[Result "1-0"]
[Round "11"]
[TimeControl "180+1"]
[Date "2022.08.09"]
[WhiteClock "0:00:05"]
[BlackClock "0:00:09"]

1. d4 Nf6 2. c4 e6 3. Nc3 Bb4 4. e3 O-O 5. Bd3 c5 6. a3 Bxc3+ 7. bxc3 Nc6 8. Ne2 d6 9. e4 e5 10. d5 Ne7 11. f3 h6 12. g4 h5 13. h3 Nh7 14. Ng3 h4 15. Nf5 Nxf5 16. gxf5 Kh8 17. Rg1 Qf6 18. Qe2 g6 19. Qc2 gxf5 20. exf5 Bd7 21. Be4 Rg8 22. Rg4 Rg7 23. Be3 Rag8 24. O-O-O Ng5 25. Rxh4+ Rh7 26. Rg4 Nxh3 27. Qg2 Rxg4 28. fxg4 Ng5 29. Bc2 Kg7 30. Rh1 Rxh1+ 31. Qxh1 Qh6 32. Qg1 f6 33. Kb2 Qh3 34. a4 Nf3 35. Qf2 Be8 36. Bd1 Ng5 37. Be2 Ne4 38. Qg1 Qg3 39. Qxg3 Nxg3 40. Bf3 Bxa4 41. Bf2 e4 42. Bg2 Ne2 43. Bxe4 Kf7 44. Be3 Ng3 45. Bf3 Ke7 46. Bf4 Nf1 47. Be2 Bd7 48. Bxf1 Be8 49. Be2 Bf7 50. g5 fxg5 51. Bxg5+ Kd7 52. Bg4 Bxd5 53. f6+ Kc7 54. f7 1-0


[Site "https://www.chess.com"]

[Event "Titled Tuesday Blitz August 09 Early 2022"]
[White "Kaufman, Raymond"]
[Black "Veiga, Jose Francisco R P Neves"]
[WhiteFideId "2015056"]
[BlackFideId "1930087"]
[WhiteElo "2321"]
[BlackElo "2273"]
[Result "0-1"]
[Round "11"]
[TimeControl "180+1"]
[Date "2022.08.09"]
[WhiteClock "0:00:18"]
[BlackClock "0:01:13"]

1. e4 e5 2. Nf3 Nc6 3. Bb5 Nf6 4. d3 Bc5 5. Bxc6 dxc6 6. Nbd2 O-O 7. Nc4 Nd7 8. O-O f6 9. c3 Nb6 10. Ne3 Be6 11. d4 exd4 12. cxd4 Be7 13. b3 Qd7 14. Bb2 a5 15. Qe2 a4 16. Rad1 axb3 17. d5 cxd5 18. exd5 Nxd5 19. Nxd5 Bxd5 20. Rxd5 Qxd5 21. Qxe7 Rf7 22. Qe2 bxa2 23. Ra1 b5 24. Bc3 Rd7 25. Nd4 b4 26. Bb2 c5 27. Nb5 c4 0-1


[Site "https://www.chess.com"]

[Event "Titled Tuesday Blitz August 09 Early 2022"]
[White "Kazancev, Valerij M"]
[Black "Bristy, Mukherjee"]
[WhiteFideId "4179609"]
[BlackFideId "25077325"]
[WhiteElo "2541"]
[BlackElo "1661"]
[Result "0-1"]
[Round "11"]
[TimeControl "180+1"]
[Date "2022.08.09"]
[WhiteClock "0:00:01"]
[BlackClock "0:00:05"]

1. c4 f5 2. Nc3 Nf6 3. g3 e5 4. Bg2 Be7 5. e3 O-O 6. Nge2 d6 7. O-O Qe8 8. h3 Qh5 9. f4 Nc6 10. a3 a5 11. d3 Be6 12. Nd5 Bxd5 13. cxd5 Nd8 14. Rf2 Qg6 15. Kh2 Qh6 16. Kg1 Qg6 17. Qc2 Rc8 18. b4 axb4 19. axb4 Nf7 20. Ra7 Nd8 21. Bb2 Nd7 22. Qa4 Nb6 23. Qb3 exf4 24. gxf4 Bh4 25. Rf1 Re8 26. e4 fxe4 27. f5 Qg5 28. Nf4 exd3 29. Qxd3 Nd7 30. Ne6 Nxe6 31. dxe6 Ne5 32. Bxe5 dxe5 33. Rxb7 Rcd8 34. Qe4 Rd2 35. Rxc7 h6 36. Qb7 Bg3 37. Kh1 Bf4 38. f6 Qxf6 39. Rf7 Qg5 40. e7 Kxf7 41. Bd5+ Kg6 42. Be4+ Kf7 0-1


[Site "https://www.chess.com"]

[Event "Titled Tuesday Blitz August 09 Early 2022"]
[White "Kostiukov, Alexandr"]
[Black "Baches Garcia, Guillermo"]
[WhiteFideId "14108100"]
[BlackFideId "2209764"]
[WhiteElo "2202"]
[BlackElo "2490"]
[Result "1-0"]
[Round "11"]
[TimeControl "180+1"]
[Date "2022.08.09"]
[WhiteClock "0:00:19"]
[BlackClock "0:00:03"]

1. g3 g6 2. Bg2 Bg7 3. Nf3 Nf6 4. c4 O-O 5. O-O d6 6. d4 Nbd7 7. Nc3 e5 8. h3 exd4 9. Nxd4 Re8 10. b3 a6 11. Bb2 Rb8 12. e3 c6 13. Qd2 Nc5 14. Rfd1 Bf8 15. b4 Ne6 16. a3 Ng5 17. h4 Nge4 18. Nxe4 Nxe4 19. Qc2 Qe7 20. Nf3 Bg4 21. Rd4 Bf5 22. Qb3 Bg7 23. Rdd1 Bh6 24. Nd4 Bd7 25. Qc2 Nxf2 26. Kxf2 Qxe3+ 27. Kf1 Qxg3 28. Qf2 Qg4 29. Nf3 Bf5 30. Qd4 Qxd4 31. Bxd4 Re4 32. Bf2 Rxc4 33. Rxd6 Rc2 34. Rad1 Bf4 35. Rd8+ Rxd8 36. Rxd8+ Kg7 37. Bd4+ Kh6 38. Bf6 Kh5 39. Ne1 Rc3 40. Bf3+ Kh6 41. Rg8 Bh3+ 42. Kf2 Rxa3 43. Bg7# 1-0


[Site "https://www.chess.com"]

[Event "Titled Tuesday Blitz August 09 Early 2022"]
[White "Krzywda, Andrzej"]
[Black "Vlassov, Nikolai"]
[WhiteFideId "1114565"]
[BlackFideId "4103360"]
[WhiteElo "2098"]
[BlackElo "2324"]
[Result "1-0"]
[Round "11"]
[TimeControl "180+1"]
[Date "2022.08.09"]
[WhiteClock "0:01:14"]
[BlackClock "0:00:22"]

1. e4 g5 2. Ne2 Bg7 3. Ng3 d5 4. d4 dxe4 5. c3 c5 6. Nxe4 cxd4 7. Nxg5 Nc6 8. Bc4 e6 9. O-O Nf6 10. cxd4 Qxd4 11. Qe2 O-O 12. Nc3 Bd7 13. Rd1 Qb6 14. Nce4 h6 15. Nxf6+ Bxf6 16. Ne4 Bd4 17. Qg4+ Kh7 18. Qh5 f5 19. Qxh6+ Kg8 20. Qg6+ Kh8 21. Ng5 1-0


[Site "https://www.chess.com"]

[Event "Titled Tuesday Blitz August 09 Early 2022"]
[White "Kukreja, Sankalp"]
[Black "Skliarov, Viktor"]
[WhiteFideId "45027676"]
[BlackFideId "14106736"]
[WhiteElo "2004"]
[BlackElo "2257"]
[Result "0-1"]
[Round "11"]
[TimeControl "180+1"]
[Date "2022.08.09"]
[WhiteClock "0:02:07"]
[BlackClock "0:01:00"]

1. e4 c5 2. Nf3 Nc6 3. d4 cxd4 4. Nxd4 Nf6 5. Nc3 e5 6. Ndb5 d6 7. Bg5 a6 8. Na3 b5 9. Bxf6 gxf6 10. Nd5 f5 11. Bd3 Be6 12. O-O Bg7 13. Qh5 f4 14. c3 O-O 15. Nc2 h6 16. a4 bxa4 17. Rxa4 a5 18. Rfa1 Rb8 19. g3 Rxb2 20. gxf4 exf4 21. Nxf4 Qg5+ 22. Qxg5 hxg5 23. Nxe6 fxe6 24. R4a2 Bxc3 25. Rxb2 Bxb2 26. Rb1 Bd4 27. Bb5 Bxf2+ 28. Kg2 Ne5 29. Ra1 Bb6 30. Rf1 Rc8 31. Na3 Rc3 32. Nb1 Rc2+ 33. Kg3 Bc5 34. Rf6 Rb2 35. Nc3 Rb3 0-1


[Site "https://www.chess.com"]

[Event "Titled Tuesday Blitz August 09 Early 2022"]
[White "Lagno, Kateryna"]
[Black "Maiorov, Nikita"]
[WhiteFideId "14109336"]
[BlackFideId "13501720"]
[WhiteElo "2522"]
[BlackElo "2409"]
[Result "1-0"]
[Round "11"]
[TimeControl "180+1"]
[Date "2022.08.09"]
[WhiteClock "0:02:00"]
[BlackClock "0:01:18"]

1. e4 g6 2. d4 Bg7 3. Nc3 d6 4. Be3 a6 5. Nf3 Nf6 6. Qd2 O-O 7. Bh6 b5 8. Bd3 Bb7 9. Bxg7 Kxg7 10. O-O-O b4 11. Ne2 Nxe4 12. Qxb4 Qc8 13. Bxe4 Bxe4 14. d5 Bxf3 15. Qc3+ Kg8 16. Qxf3 c6 17. Nf4 cxd5 18. Nxd5 Ra7 19. h4 Qf5 20. Qe3 Nc6 21. Qxa7 1-0


[Site "https://www.chess.com"]

[Event "Titled Tuesday Blitz August 09 Early 2022"]
[White "Lakshmi C"]
[Black "Locci, Damiano"]
[WhiteFideId "25035347"]
[BlackFideId "819751"]
[WhiteElo "1775"]
[BlackElo "2322"]
[Result "1-0"]
[Round "11"]
[TimeControl "180+1"]
[Date "2022.08.09"]
[WhiteClock "0:00:10"]
[BlackClock "0:02:00"]

1. Nf3 d5 2. g3 Nc6 3. d4 Bg4 4. Bg2 Bxf3 5. Bxf3 Nf6 6. O-O e5 7. dxe5 Nxe5 8. Bg2 h5 9. Bf4 Ng6 10. Bg5 h4 11. Bxf6 Qxf6 12. Qxd5 hxg3 13. fxg3 Qb6+ 14. Kh1 f6 15. Qxb7 Rb8 16. Qc6+ Kd8 17. b3 Bd6 18. Qf3 Qd4 19. c3 Rxh2+ 20. Kxh2 Qh4+ 21. Kg1 Bxg3 22. Rd1+ Kc8 23. Qf5# 1-0


[Site "https://www.chess.com"]

[Event "Titled Tuesday Blitz August 09 Early 2022"]
[White "Large, Peter G"]
[Black "Martin Barcelo, Carles"]
[WhiteFideId "400866"]
[BlackFideId "24561444"]
[WhiteElo "2064"]
[BlackElo "1922"]
[Result "1-0"]
[Round "11"]
[TimeControl "180+1"]
[Date "2022.08.09"]
[WhiteClock "0:00:11"]
[BlackClock "0:00:19"]

1. Nf3 c5 2. b3 Nc6 3. e3 Nf6 4. Bb2 g6 5. c4 Bg7 6. a3 O-O 7. Be2 d5 8. cxd5 Qxd5 9. d3 e5 10. Qc2 b6 11. Nbd2 h6 12. O-O Re8 13. Rac1 Bb7 14. Rfe1 Rad8 15. Bf1 a5 16. Nc4 Nd7 17. Red1 Qe6 18. Ncd2 Ba6 19. Bc3 Nf6 20. Nc4 Nd5 21. Bb2 Rb8 22. Qb1 Nde7 23. Qa1 Nf5 24. g3 Nd6 25. Bg2 Re7 26. Nfd2 Nxc4 27. dxc4 Rd8 28. Bd5 Qc8 29. Nf3 Bb7 30. Bxc6 Qxc6 31. Rxd8+ Kh7 32. Rd5 Qf6 33. Nd2 Bxd5 34. cxd5 Qg5 35. h4 Qg4 36. Re1 f5 37. Qd1 Qh3 38. e4 f4 39. Qf3 Rf7 40. Qg2 Qg4 41. f3 Qd7 42. g4 Bf6 43. g5 Bg7 44. Kf2 Kg8 45. Rh1 h5 46. Qf1 Bf8 47. Kg2 Bd6 48. Qa6 Qc7 49. Nc4 Rf8 50. Qxb6 Qxb6 51. Nxb6 Rb8 52. Nc4 Bc7 53. Bxe5 Bxe5 54. Nxe5 Rxb3 55. Nxg6 Kf7 56. Ne5+ Ke7 57. Rc1 Rxa3 58. g6 Kf6 59. Rxc5 Ra2+ 60. Kh3 a4 61. Rc6+ Kg7 62. Rc7+ Kg8 63. Nd7 Kg7 64. Ne5+ Kg8 65. d6 Rd2 66. d7 a3 67. Rc8+ Kg7 68. d8=Q Rxd8 69. Rxd8 a2 70. Ra8 Kf6 71. Rxa2 Kxe5 72. g7 Kd4 73. g8=Q Ke3 74. Qg1+ Kxf3 75. Rf2+ Ke3 76. Qe1+ Kd4 77. Rd2+ Ke5 78. Rd5+ Ke6 79. Qa5 f3 80. Qb6+ Ke7 81. Ra5 f2 82. Ra7+ Ke8 83. Qb8# 1-0


[Site "https://www.chess.com"]